Workbook
Name ADMINISTRATIVA: '[1]ADVA FUNCION'!$A$3:$C$41
Name admvasep: '[2]acomodo administrativa'!#REF!
Name ADVAAGOSTO: '[2]acomodo administrativa'!#REF!
Name ADVAJUNIO: '[2]acomodo administrativa'!#REF!
Name cataadva: '[2]acomodo administrativa'!#REF!
Name catafun: #REF!
Name cataorden: '[2]balanza acomodo'!$A$2:$G$1593
Name cataprograma: [2]acomodoprog!#REF!
Name FUNC: '[1]ADVA FUNCION'!$D$47:$F$94
Name funcata: #REF!
Name FUNCIONAL: '[1]ADVA FUNCION'!$D$47:$F$94
Name FUNCIONALENE: #REF!
Name funjunio: #REF!
Name juladva: '[2]acomodo administrativa'!#REF!
Name JULFUN: #REF!

Sheet F1. ESF
E1: DIRECCIÓN DE PENSIONES DEL ESTADO DE DURANGO
E2: Estado de Situación Financiera Detallado - LDF
E3: Al 31 de diciembre de 2022 y al 31 de diciembre de 2023
E4: (Pesos)
D5: Ente Público: | E5: (Pesos)
C7: Concepto | F7: 31 de diciembre 2023 | G7: 31 de diciembre 2022 | I7: Concepto | L7: 31 de diciembre 2023 | M7: 31 de diciembre 2022
C9: ACTIVO | I9: PASIVO
C10: Activo Circulante | I10: Pasivo Circulante
C11: a. Efectivo y Equivalentes de Efectivo (a=a1+a2+a3,a4+a5+a6+a7) | F11: =SUM(F12:F18) -> 1.9921358e+08 | G11: =SUM(G12:G18) -> 1.5366648e+08 | I11: a. Cuentas por Pagar de Corto Plazo (a=a1+a2+a3+a4+a5+a6+a7+a8+a9) | L11: =SUM(L12:L20) -> 6.3564908e+08 | M11: =SUM(M12:M20) -> 2.8072129e+08
C12: a1) | D12: Efectivo | F12: 86677.76 | G12: 187301.27 | I12: a1) | J12: Servicios Personales | L12: 0 | M12: 0
C13: a2) | D13: Bancos/tesoreria | F13: 1.6802407e+08 | G13: 1.1579571e+08 | I13: a2) | J13: Proveedores | L13: 5801615.7 | M13: 6408519.2
C14: a3) | D14: Bancos/Dependencias y otros | F14: 0 | G14: 0 | I14: a3) | J14: Contratistas por Obras Públicas | L14: 0 | M14: 0
C15: a4) | D15: Inversiones Temporales (hasta 3 meses) | F15: 0 | G15: 0 | I15: a4) | J15: Participaciones y Aportaciones | L15: 0 | M15: 0
C16: a5) | D16: Fondos con Afectación Especifica | F16: 31102826 | G16: 37683467 | I16: a5) | J16: Transferencias Otorgadas | L16: 0 | M16: 0
C17: a6) | D17: Depósitos de fondos de Terceros | F17: 0 | G17: 0 | I17: a6) | J17: Intereses, Comisiones y Otros Gastos de la Deuda Pública | L17: 0 | M17: 0
C18: a7) | D18: Otros Efectivos y Equivalentes | F18: 0 | G18: 0 | I18: a7) | J18: Retenciones y Contribuciones | L18: 17956132 | M18: 18520797
C19: b. Derechos a Recibir Efectivo o Equivalentes (b=b1+b2+b3,b4+b5+b6+b7) | F19: =SUM(F20:F26) -> 1.2987539e+09 | G19: =SUM(G20:G26) -> 6.6721074e+08 | I19: a8) | J19: Devoluciones de la Ley de Ingresos | L19: 0 | M19: 0
C20: b1) | D20: Inversiones Financieras | F20: 0 | G20: 0 | I20: a9) | J20: Otras Cuentas por Pagar | L20: 6.1189133e+08 | M20: =38700+255753273.2 -> 2.5579197e+08
C21: b2) | D21: Cuentas por Cobrar | F21: 1538513.6 | G21: 22781185 | I21: b. Documentos por Pagar a Corto Plazo (b=b1+b2+b3) | L21: =SUM(L22:L24) -> 349000000 | M21: =SUM(M22:M24) -> 0
C22: b3) | D22: Deudores Diversos | F22: 9342445.4 | G22: 8567952.2 | I22: b1) | J22: Documentos Comerciales por Pagar a Corto Plazo | L22: 349000000 | M22: 0
C23: b4) | D23: Ingresos por Recuperar | F23: 0 | G23: 0 | I23: b2) | J23: Documentos con Contratistas por Obras Públicas por Pagar a Corto Plazo | L23: 0 | M23: 0
C24: b5) | D24: Deudores por Anticipos de la Tesoreria | F24: 0 | G24: 0 | I24: b3) | J24: Otros Documentos por Pagar a Corto Plazo | L24: 0 | M24: 0
C25: b6) | D25: Prestamos Otorgados | F25: 0 | G25: 0 | I25: c. Porción de Corto Plazo de la Deuda Pública de Largo Plazo (c=c1+c2) | L25: =SUM(L26:L27) -> 0 | M25: =SUM(M26:M27) -> 0
C26: b7) | D26: Otros Derechos a Recibir Efectivo o Equivalentes | F26: =686008165.82+601864782.15 -> 1.2878729e+09 | G26: =389750883.66+246110722.53 -> 6.3586161e+08 | I26: c1) | J26: Porción a Corto Plazo de la Deuda Pública de Largo Plazo | L26: 0 | M26: 0
C27: c. Derechos a Recibir Bienes o Servicios (c=c1+c2+c3+c4+c5) | F27: =SUM(F28:F32) -> 3215.17 | G27: =SUM(G28:G32) -> 83836.21 | I27: c2) | J27: Porción a Corto Plazo de Arrendamiento Financiero | L27: 0 | M27: 0
A28: 11310000 | C28: c1) | D28: Anticipo a Proveedores por Adquisición de Bienes y Prestación de Servicios a Corto Plazo | F28: 3215.17 | G28: 83836.21 | I28: d. Títulos y Valores a Corto Plazo | L28: 0 | M28: 0
A29: 11320000 | C29: c2) | D29: Anticipo a Proveedores por Adquisición de Bienes Inmuebles y Muebles a Corto Plazo | F29: 0 | G29: 0 | I29: e. Pasivos Diferidos a Corto Plazo (e=e1+e2+e3) | L29: =SUM(L30:L32) -> 40932561 | M29: =SUM(M30:M32) -> 38088477
A30: 11330000 | C30: c3) | D30: Anticipo a Proveedores por Adquisición de Bienes Intangibles a Corto Plazo | F30: 0 | G30: 0 | I30: e1) | J30: Ingresos Cobrados por Adelantado a Corto Plazo | L30: 0 | M30: 0
A31: 11340000 | C31: c4) | D31: Anticipo a Contratistas por Obras Públicas a Corto Plazo | F31: 0 | G31: 0 | I31: e2) | J31: Intereses Cobrados por Adelantado a Corto Plazo | L31: 0 | M31: 0
A32: 11390000 | C32: c5) | D32: Otros Derechos a Recibir Bienes o Servicios a Corto Plazo | F32: 0 | G32: 0 | I32: e3) | J32: Otros Pasivos Diferidos a Corto Plazo | L32: 40932561 | M32: 38088477
C33: d. Inventarios (d=d1+d2+d3+d4+d5) | F33: =SUM(F34:F38) -> 52077.6 | G33: =SUM(G34:G38) -> 114872.47 | I33: f. Fondos y Bienes de Terceros en Garantía y/o Administracion a Corto Plazo (f=f1+f2+f3+f4+f5+f6) | L33: =SUM(L34:L39) -> 38700 | M33: =SUM(M34:M39) -> 0
A34: 11410000 | C34: d1) | D34: Inventarios de Mercancias para Venta | F34: 35001.8 | G34: 105598.6 | I34: f1) | J34: Fondos en Garantía a Corto Plazo | L34: 38700 | M34: 0
A35: 11420000 | C35: d2) | D35: Inventarios de Vercancias Terminadas | F35: 0 | G35: 0 | I35: f2) | J35: Fondos en Administración a Corto Plazo | L35: 0 | M35: 0
A36: 11430000 | C36: d3) | D36: Inventarios de Mercancias en Proceso de Elaboración | F36: 17075.8 | G36: 9273.87 | I36: f3) | J36: Fondos en Contingentes a Corto Plazo | L36: 0 | M36: 0
A37: 11440000 | C37: d4) | D37: Inventarios de Materias Primas, Materiales y Suministros para Producción | F37: 0 | G37: 0 | I37: f4) | J37: Fondos de Fideicomisos, Mandatos y Contratos Análogos a Corto Plazo | L37: 0 | M37: 0
A38: 11450000 | C38: d5) | D38: Bienes en Tránsito | F38: 0 | G38: 0 | I38: f5) | J38: Otros Fondos de Terceros en Garantía y/o Administración a Corto Plazo | L38: 0 | M38: 0
C39: e. Almacenes | F39: 0 | G39: 0 | I39: f6) | J39: Valores y Bienes en Garantía a Corto Plazo | L39: 0 | M39: 0
C40: f. Estimación por Pérdida o Deterioro de Activos Circulantes (f=f1+f2) | F40: =SUM(F41:F42) -> -24033022 | G40: =SUM(G41:G42) -> -20656854 | I40: g. Provisiones a Corto Plazo (g=g1+g2+g3) | L40: =SUM(L41:L43) -> 9826933.6 | M40: =SUM(M41:M43) -> 8079739.6
C41: f1) | D41: Estimaciones para Cuentas Incobrables por Derechos a Recibir Efectivo o equivalentes | F41: -24033022 | G41: -20656854 | I41: g1) | J41: Provisión para Demandas y Juicios a Corto Plazo | L41: 0 | M41: 0
C42: f2) | D42: Estimación por Deterioro de Inventarios | F42: 0 | G42: 0 | I42: g2) | J42: Provisión para Contingencias a Corto Plazo | L42: 0 | M42: 0
C43: g. Otros activos circulantes (g=g1+g2+g3+g4) | F43: =SUM(F44:F47) -> 0 | G43: =SUM(G44:G47) -> 0 | I43: g3) | J43: Otras Provisiones a Corto Plazo | L43: 9826933.6 | M43: 8079739.6
C44: g1) | D44: Valores en Garantía | F44: 0 | G44: 0 | I44: h. Otros Pasivos a Corto Plazo (h=h1+h2+h3) | L44: =SUM(L45:L47) -> 0 | M44: =SUM(M45:M47) -> 0
C45: g2) | D45: Bienes en Garantía (Excluye Depósitos de Fondos) | F45: 0 | G45: 0 | I45: h1) | J45: Ingresos por Clasificar | L45: 0 | M45: 0
C46: g3) | D46: Bienes Derivados de Embargos, Decomisos, Aseguramientos y Dación en Pago | F46: 0 | G46: 0 | I46: h2) | J46: Recaudación por Participar | L46: 0 | M46: 0
C47: g4) | D47: Adquisición con Fondos de Terceros | F47: 0 | G47: 0 | I47: h3) | J47: Otros Pasivos Circulantes | L47: 0 | M47: 0
I48: IIA. Total de Pasivos Circulantes (IIA= a+b+c+d+e+f+g+h) | L48: =+L11+L21+L25+L28+L29+L33+L40+L44 -> 1.0354473e+09 | M48: =+M11+M21+M25+M28+M29+M33+M40+M44 -> 3.2688951e+08
C49: IA) Total de Activos Circulantes (IA=a+b+c+d+e+f+g) | F49: =+F11+F19+F27+F33+F39+F40+F43 -> 1.4739898e+09 | G49: =+G11+G19+G27+G33+G39+G40+G43 -> 8.0041908e+08
I50: Pasivo No Circulante
C51: Activo No Circulante | I51: a. Cuentas por Pagar de Largo Plazo | M51: 0
C52: a. Inversiones Financieras a Largo Plazo | G52: 0 | I52: b. Documentos por Pagar a Largo Plazo | M52: 0
C53: b. Derechos a Recibir Efectivo o Equivalentes a Largo Plazo | F53: 2.6727109e+08 | G53: =16876463.75+177774905.43 -> 1.9465137e+08 | I53: c. Deúda Pública a Largo Plazo | M53: 0
C54: c. Bienes Inmuebles, Infraestructura y Construcciones en Proceso | F54: 2.3270743e+08 | G54: 1.8491127e+08 | I54: d. Pasivos Diferidos a Largo Plazo | M54: 0
C55: d. Bienes Muebles | F55: 9311868.2 | G55: 8979590.7 | I55: e. Fondos y Bienes de Terceros en Garantía y/o Administración a Largo Plazo | L55: 5.7908214e+08 | M55: 5.2691064e+08
C56: e. Activos Intangibles | F56: 1502616.5 | G56: 1459252.7 | I56: f. Provisiones a Largo Plazo | L56: 33647551 | M56: 33647551
C57: f. Depreciación, Deterioro y Amortización Acumulada de Bienes | F57: -53090111 | G57: -25766709
C58: g. Activos Diferidos | I58: IIB. Total de Pasivos No Circulantes (a+b+c+d+e+f) | L58: =SUM(L51:L56) -> 6.1272969e+08 | M58: =SUM(M51:M56) -> 5.6055819e+08
C59: h. Estimación por Pérdida o Deterioro de Activos no Circulantes | G59: 0
C60: i. Otros Activos no Circulantes | G60: 0 | I60: II. Total del Pasivo (II=IIA+IIB) | L60: =+L48+L58 -> 1.648177e+09 | M60: =+M48+M58 -> 8.874477e+08
C62: IB. Total de Activos No Circulantes (IB=a+b+c+d+e+f+g+h+i) | F62: =SUM(F52:F60) -> 4.577029e+08 | G62: =SUM(G52:G60) -> 3.6423477e+08 | I62: HACIENDA PUBLICA/PATRIMONIO
C64: I. Total del Activo I=IA+IB) | F64: =+F49+F62 -> 1.9316926e+09 | G64: =+G49+G62 -> 1.1646538e+09 | I64: IIIA. Hacienda Pública/Patrimonio Contribuido (IIIA=a+b+c) | L64: =SUM(L65:L67) -> -1.5486012e+08 | M64: =SUM(M65:M67) -> -1.2263569e+08
I65: a. Aportaciones | L65: -1.9075539e+08 | M65: -1.1026249e+08
I66: b. Donaciones de Capital | L66: 17226.06 | M66: 0
I67: c. Actualizaciones del Patrimonio | L67: 35878047 | M67: -12373193
I68: IIIB. Hacienda Pública/Patrimonio Generado (IIIB=a+b+c+d+e) | L68: =SUM(L69:L73) -> 4.383758e+08 | M68: =SUM(M69:M73) -> 3.9984184e+08
I69: a. Resultado del Ejercicio (Ahorro/desahorro) | L69: 61525822 | M69: 1.0292235e+08
I70: b. Resultado de Ejercicios Anteriores | L70: 4.0747233e+08 | M70: 3.2754183e+08
I71: c. Revalúos | L71: 0 | M71: 0
I72: d. Reservas | L72: -30622350 | M72: -30622350
I73: e. Rectificaciones de Resultados de Ejercicios Anteriores | L73: 0 | M73: 0
I74: IIIC. Exceso o Insuficiencia en la Actualizacion de la Hacienda Pública/Patrimonio (IIIC=a+b) | L74: =SUM(L75:L76) -> 0 | M74: =SUM(M75:M76) -> 0
I75: a. Resultado por Posición Monetaria | L75: 0 | M75: 0
I76: b. Resultado por Tenencia de Activos no Monetarios | L76: 0 | M76: 0
I77: III. Total Hacienda Pública/Patrimonio (III=IIIA+IIIB+IIIC) | L77: =+L64+L68+L74 -> 2.8351568e+08 | M77: =+M64+M68+M74 -> 2.7720615e+08
I78: IV. Total del Pasivo y Hacienda Pública/Patrimonio (IV=II+III) | L78: =+L60+L77 -> 1.9316926e+09 | M78: =+M60+M77 -> 1.1646538e+09
D82: NOTA: De acuerdo al inciso e) del instructivo de llenado del Formato 1 ESF Detallado, los saldos del ejercicio anterior serán al cierre del ejercicio anterior al que se informa, es decir, siempre al mes de Diciembre del año anterior.

Sheet F2. IADPyOP
A1: Formato 2 | B1: Informe Analítico de la Deuda Pública y Otros Pasivos - LDF
A2: DIRECCIÓN DE PENSIONES DEL ESTADO DE DURANGO
A3: Informe Analítico de la Deuda Pública y Otros Pasivos - LDF
A4: Del 1 de enero al 31 de diciembre del 2023 (b)
A5: (PESOS)
A6: Denominación de la Deuda Pública y Otros Pasivos (c) | C6: Saldo al 31 de diciembre del 2022 d) | D6: Disposiciones del Periodo (e) | E6: Amortizaciones del Periodo (f) | F6: Revaluaciones, Reclasificaciones y Otros Ajustes (g) | G6: Saldo Final del Periodo (h) | H6: Pago de Intereses del Periodo (i) | I6: Pago de Comisiones y demás costos asociados durante el Periodo (j)
G7: h=d+e-f+g
A9: 1. Deuda Pública (1=A+B) | C9: =+C10+C14 -> 0 | D9: =+D10+D14 -> 0 | E9: =+E10+E14 -> 0 | F9: =+F10+F14 -> 0 | G9: =+G10+G14 -> 0 | H9: =+H10+H14 -> 0 | I9: =+I10+I14 -> 0
A10: A. Corto Plazo (A=a1+a2+a3)
B11: a1) Instituciones de Crédito | C11: 0
B12: a2) Títulos y Valores
B13: a3) Arrendamientos Financieros
A14: B. Largo Plazo (B=b1+b2+b3) | C14: =+C15+C19+C20 -> 0 | D14: =+D15+D19+D20 -> 0 | E14: =+E15+E19+E20 -> 0 | F14: =+F15+F19+F20 -> 0 | G14: =+G15+G19+G20 -> 0 | H14: =+H15+H19+H20 -> 0 | I14: =+I15+I19+I20 -> 0
B15: b1) Instituciones de Crédito | C15: =SUM(C16:C18) -> 0 | E15: =SUM(E16:E18) -> 0 | G15: =+C15+D15-E15+F15 -> 0 | H15: =SUM(H16:H18) -> 0
B16: Crédito 1
B17: Crédito 2
B18: Credito 3
B19: b2) Títulos y Valores
B20: b3) Arrendamientos Financieros
A21: 2. Otros Pasivos | C21: 0 | G21: =C21+D21+E21+F21 -> 0
A25: 3. Total de la Deuda Pública y Otros Pasivos (3=1+2) | C25: =+C9+C21 -> 0 | F25: =+F9+F21 -> 0 | G25: =+G9+G21 -> 0 | H25: =+H9+H21 -> 0 | I25: =+I9+I21 -> 0
A27: 4. Deuda Contingente 1 (informativo)
A29: 5. Valor de Instrumentos Bono Cupón Cero 2 (Informativo)
A31: 1. Se refiere a cualquier Financiamiento sin fuente o garantía de pago definida, que sea asumida de manera solidaria o subsidiaria por las Entidades Federativas con sus Municipios, organismos descentralizados y empresas de participación estatal mayoritaria y fideicomisos, locales o municipales, y por los Municipios con sus respectivos organismos descentralizados y empresas de participación municipal mayoritaria.
A32: 2. Se refiere al valor del Bono Cupón Cero que respalda el pago de los créditos asociados al mismo (Activo).
A33: Obligaciones a Corto Plazo (k) | B33: Monto | C33: Plazo | D33: Tasa de Interés | E33: Comisiones y Costos Relacionados (o) | F33: Tasa Efectiva
B34: Contratado (l) | C34: Pactado | D34: (n) | F34: (p)
C35: (m)
A36: 6. Obligaciones a Corto Plazo (Informativo)
A37: A. Credito 1
A38: B. Crédito 2
A39: C. Crédito XX
A40: FUENTE: Elaborados con información del CONAC. Criterios para la elaboración y presentación homogénea de la información financiera y de los formatos a que hace referencia la Ley de Disciplina Financiera de las Entidades Federativas y los Municipios.

Sheet F3. IAODF
A1: Formato 3 | B1: Informe Analítico de Obligaciones Diferentes de Financiamientos - LDF
A3: DIRECCIÓN DE PENSIONES DEL ESTADO DE DURANGO
A4: Informe Analítico de Obligaciones Diferentes de Financiamientos – LDF
A5: Del 1 de enero al 31 de diciembre del 2023
A6: (PESOS)
A7: Denominación de las Obligaciones Diferentes de Financiamiento (c) | B7: Fecha del Contrato (d) | C7: Fecha de inicio de operación del proyecto (e) | D7: Fecha de vencimiento (f) | E7: Monto de la inversión pactado (g) | F7: Plazo pactado (h) | G7: Monto promedio mensual del pago de la contraprestación (i) | H7: Monto promedio mensual del pago de la contraprestación correspondiente al pago de inversión (j) | I7: Monto pagado de la inversión al 31 de diciembre del 2023 (k) | J7: Monto pagado de la inversión actualizado 31 de diciembre del 2023(l) | K7: Saldo pendiente por pagar de la inversión al 31 de diciembre del 2023 (m = g – l)
A9: A. Asociaciones Público Privadas (APP’s) (A=a+b+c+d) | E9: =+E10+E11+E12+E13 -> 0 | I9: =+I10+I11+I12+I13 -> 0 | J9: =+J10+J11+J12+J13 -> 0 | K9: =+K10+K11+K12+K13 -> 0
A10: a) APP 1
A11: b) APP 2
A12: c) APP 3
A13: d) APP XX
A15: B. Otros Instrumentos (B=a+b+c+d) | E15: =+E16+E17+E18+E19 -> 0 | K15: =+K16+K17+K18+K19 -> 0
A16: a) Otro Instrumento 1
A17: b) Otro Instrumento 2
A18: c) Otro Instrumento 3
A19: d) Otro Instrumento XX
A21: C. Total de Obligaciones Diferentes de Financiamiento (C=A+B) | E21: =+E9+E15 -> 0 | K21: =+K9+K15 -> 0

Sheet F4. BALPRESUP
D3: Balance Presupuestario - LDF
D5: Ente Público
D6: Balance Presupuestario - LDF
D7: Del 1 de enero al 31 de marzo del 2021 (b)
D8: (PESOS)
D10: Concepto (c) | E10: Estimado/ Aprobado (d) | F10: Devengado | G10: Recaudado/ Pagado
D11: A. Ingresos Totales (A = A1+A2+A3) | E11: =+E12+E13+E14 -> 2.9152098e+09 | F11: =+F12+F13+F14 -> 5.8016969e+08 | G11: =+G12+G13+G14 -> 4.8537994e+08
D12: A1. Ingresos de Libre Disposición | E12: =+E41 -> 1.293521e+09 | F12: =+F41 -> 2.9008484e+08 | G12: =+G41 -> 2.4268997e+08
D13: A2. Transferencias Federales Etiquetadas | E13: =+E51 -> 164083916 | F13: =+F51 -> 0 | G13: =+G51 -> 0
D14: A3. Financiamiento Neto | E14: =+E38 -> 1.4576049e+09 | F14: =+F38 -> 2.9008484e+08 | G14: =+G38 -> 2.4268997e+08
D15: B. Egresos Presupuestarios1 (B = B1+B2) | E15: =+E16+E17 -> 1.5320572e+09 | F15: =+F16+F17 -> 2.7309287e+08 | G15: =+G16+G17 -> 2.7195066e+08
D16: B1. Gasto No Etiquetado (sin incluir Amortización de la Deuda Pública) | E16: =+E45 -> 1.3679733e+09 | F16: =+F45 -> 2.7309287e+08 | G16: =+G45 -> 2.7195066e+08
D17: B2. Gasto Etiquetado (sin incluir Amortización de la Deuda Pública) | E17: =+E55 -> 164083916 | F17: =+F55 -> 0 | G17: =+G55 -> 0
D18: C. Remanentes del Ejercicio Anterior ( C = C1 + C2 ) | E18: =+E19+E20 -> 0 | F18: =+F19+F20 -> 0 | G18: =+G19+G20 -> 0
D19: C1. Remanentes de Ingresos de Libre Disposición aplicados en el periodo | E19: 0 | F19: 0 | G19: 0
D20: C2. Remanentes de Transferencias Federales Etiquetadas aplicados en el periodo | E20: 0 | F20: 0 | G20: 0
D21: I. Balance Presupuestario (I = A – B + C) | E21: =+E11-E15+E18 -> 1.3831526e+09 | F21: =+F11-F15+F18 -> 3.0707682e+08 | G21: =+G11-G15+G18 -> 2.1342928e+08
D22: II. Balance Presupuestario sin Financiamiento Neto (II = I - A3) | E22: =+E21-E38 -> -74452322 | F22: =+F21-F38 -> 16991977 | G22: =+G21-G38 -> -29260690
D23: III. Balance Presupuestario sin Financiamiento Neto y sin Remanentes del Ejercicio Anterior (III= II - C) | E23: =+E22-E18 -> -74452322 | F23: =+F22-F18 -> 16991977 | G23: =+G22-G18 -> -29260690
D25: Concepto | E25: Aprobado | F25: Devengado | G25: Pagado
D26: E. Intereses, Comisiones y Gastos de la Deuda (E = E1+E2) | E26: =+E27+E28 -> 0 | F26: =+F27+F28 -> 0 | G26: =+G27+G28 -> 0
D27: E1. Intereses, Comisiones y Gastos de la Deuda con Gasto No Etiquetado | E27: =+'F6a. EAEPE OG'!D75-'F6a. EAEPE OG'!D76 -> 0 | F27: =+'F6a. EAEPE OG'!G75-'F6a. EAEPE OG'!G76 -> 0 | G27: =+'F6a. EAEPE OG'!H75-'F6a. EAEPE OG'!H76 -> 0
D28: E2. Intereses, Comisiones y Gastos de la Deuda con Gasto Etiquetado | E28: =+'F6a. EAEPE OG'!D147 -> 0 | F28: =+'F6a. EAEPE OG'!G148 -> 0 | G28: =+'F6a. EAEPE OG'!H148 -> 0
D29: IV. Balance Primario (IV = III + E) | E29: =+E23+E26 -> -74452322 | F29: =+F23+F26 -> 16991977 | G29: =+G23+G26 -> -29260690
D31: Concepto | E31: Estimado/ Aprobado | F31: Devengado | G31: Recaudado/ Pagado
D32: F. Financiamiento (F = F1 + F2) | E32: =+E33+E34 -> 1.4576049e+09 | F32: =+F33+F34 -> 2.9008484e+08 | G32: =+G33+G34 -> 2.4268997e+08
D33: F1. Financiamiento con Fuente de Pago de Ingresos de Libre Disposición | E33: =+'F5. EAID'!B68 -> 1.293521e+09 | F33: =+'F5. EAID'!E68 -> 2.9008484e+08 | G33: =+'F5. EAID'!F68 -> 2.4268997e+08
D34: F2. Financiamiento con Fuente de Pago de Transferencias Federales Etiquetadas | E34: =+'F5. EAID'!B69 -> 164083916 | F34: =+'F5. EAID'!E69 -> 0 | G34: =+'F5. EAID'!F69 -> 0
D35: G. Amortización de la Deuda (G = G1 + G2) | E35: =+E36+E37 -> 0 | F35: =+F36+F37 -> 0 | G35: =+G36+G37 -> 0
D36: G1. Amortización de la Deuda Pública con Gasto No Etiquetado | E36: =+'F6a. EAEPE OG'!D76 -> 0 | F36: =+'F6a. EAEPE OG'!G76 -> 0 | G36: =+'F6a. EAEPE OG'!H76 -> 0
D37: G2. Amortización de la Deuda Pública con Gasto Etiquetado | E37: =+'F6a. EAEPE OG'!D149 -> 0 | F37: =+'F6a. EAEPE OG'!G149 -> 0 | G37: =+'F6a. EAEPE OG'!H149 -> 0
D38: A3. Financiamiento Neto (A3 = F – G ) | E38: =+E32-E35 -> 1.4576049e+09 | F38: =+F32-F35 -> 2.9008484e+08 | G38: =+G32-G35 -> 2.4268997e+08
D40: Concepto | E40: Estimado/ Aprobado | F40: Devengado | G40: Recaudado/ Pagado
D41: A1. Ingresos de Libre Disposición | E41: =+'F5. EAID'!B41 -> 1.293521e+09 | F41: =+'F5. EAID'!E41 -> 2.9008484e+08 | G41: =+'F5. EAID'!F41 -> 2.4268997e+08
D42: A3.1 Financiamiento Neto con Fuente de Pago de Ingresos de Libre Disposición (A3.1 = F1 – G1) | E42: =+E43-E44 -> 1.293521e+09 | F42: =+F43-F44 -> 2.9008484e+08 | G42: =+G43-G44 -> 2.4268997e+08
D43: F1. Financiamiento con Fuente de Pago de Ingresos de Libre Disposición | E43: =+'F5. EAID'!B68 -> 1.293521e+09 | F43: =+'F5. EAID'!E68 -> 2.9008484e+08 | G43: =+'F5. EAID'!F68 -> 2.4268997e+08
D44: G1. Amortización de la Deuda Pública con Gasto No Etiquetado | E44: =+E36 -> 0 | F44: =+F36 -> 0 | G44: =+G36 -> 0
D45: B1. Gasto No Etiquetado (sin incluir Amortización de la Deuda Pública) | E45: =+'F6a. EAEPE OG'!D10-'F6a. EAEPE OG'!D76 -> 1.3679733e+09 | F45: =+'F6a. EAEPE OG'!G10-'F6a. EAEPE OG'!G76 -> 2.7309287e+08 | G45: =+'F6a. EAEPE OG'!H10-'F6a. EAEPE OG'!H76 -> 2.7195066e+08
D46: C1. Remanentes de Ingresos de Libre Disposición aplicados en el periodo | F46: 0 | G46: 0
D47: V. Balance Presupuestario de Recursos Disponibles (V = A1 + A3.1 – B 1 + C1) | E47: =+E41+E42-E45+E46 -> 1.2190686e+09 | F47: =+F41+F42-F45+F46 -> 3.0707682e+08 | G47: =+G41+G42-G45+G46 -> 2.1342928e+08
D48: VI. Balance Presupuestario de Recursos Disponibles sin Financiamiento Neto (VI = V – A3.1) | E48: =+E47-E42 -> -74452322 | F48: =+F47-F42 -> 16991977 | G48: =+G47-G42 -> -29260690
D50: Concepto | E50: Estimado/ Aprobado | F50: Devengado | G50: Recaudado/ Pagado
D51: A2. Transferencias Federales Etiquetadas | E51: =+'F5. EAID'!B63 -> 164083916 | F51: =+'F5. EAID'!E63 -> 0 | G51: =+'F5. EAID'!F63 -> 0
D52: A3.2 Financiamiento Neto con Fuente de Pago de Transferencias Federales Etiquetadas (A3.2 = F2 – G2) | E52: =+E53-E54 -> 164083916 | F52: =+F53-F54 -> 0 | G52: =+G53-G54 -> 0
D53: F2. Financiamiento con Fuente de Pago de Transferencias Federales Etiquetadas | E53: =+'F5. EAID'!B69 -> 164083916 | F53: =+'F5. EAID'!E69 -> 0 | G53: =+'F5. EAID'!F69 -> 0
D54: G2. Amortización de la Deuda Pública con Gasto Etiquetado | E54: =+E37 -> 0 | F54: =+F37 -> 0 | G54: =+G37 -> 0
D55: B2. Gasto Etiquetado (sin incluir Amortización de la Deuda Pública) | E55: =+'F6a. EAEPE OG'!D83-'F6a. EAEPE OG'!D149 -> 164083916 | F55: =+'F6a. EAEPE OG'!G83-'F6a. EAEPE OG'!G149 -> 0 | G55: =+'F6a. EAEPE OG'!H83-'F6a. EAEPE OG'!H149 -> 0
D56: C2. Remanentes de Transferencias Federales Etiquetadas aplicados en el periodo | E56: 0 | F56: 0 | G56: 0
D57: VII. Balance Presupuestario de Recursos Etiquetados (VII = A2 + A3.2 – B2 + C2) | E57: =+E51+E52-E55+E56 -> 164083916 | F57: =+F51+F52-F55+F56 -> 0 | G57: =+G51+G52-G55+G56 -> 0
D58: VIII. Balance Presupuestario de Recursos Etiquetados sin Financiamiento Neto (VIII = VII – A3.2) | E58: =+E57-E52 -> 0 | F58: =+F57-F52 -> 0 | G58: =+G57-G52 -> 0
D60: FUENTE: Elaborados con información del CONAC. Criterios para la elaboración y presentación homogénea de la información financiera y de los formatos a que hace referencia la Ley de Disciplina Financiera de las Entidades Federativas y los Municipios.
D61: NOTA: Se adjunta archivo con que contiene instructivo de llenado de los formatos “Cuadros CONAC Criterios”
D62: C. Remanentes de Ingresos aplicados en el período.- En este rubro se incluirá el gasto realizado con recursos disponibles de ejercicios anteriores, los cuales deberan estar contemplados en en Bancos al cierre del ejercicio anterior.

Sheet F5. EAID
A1: CUADRO 6
A2: DIRECCIÓN DE PENSIONES DEL ESTADO DE DURANGO
A3: Estado Analitico de ingresos Detallado - LDF
A4: =+'F3. IAODF'!A5:K5 -> Del 1 de enero al 31 de diciembre del 2023
A5: (Pesos)
A7: Concepto ( c) | B7: Ingresos | G7: Diferencia ( e)
B8: Estimado (d) | C8: Ampliaciones/ (Reducciones) | D8: Modificado | E8: Devengado | F8: Recaudado
A9: Ingresos de Libre Disposición
A10: A. Impuestos
A11: B. Cuotas y Aportaciones de Seguridad Social | B11: 8.7339782e+08 | C11: 0 | D11: =+B11+C11 -> 8.7339782e+08 | E11: 2.1312147e+08 | F11: 1.7057947e+08 | G11: =+F11-B11 -> -7.0281835e+08
A12: C. Contribuciones de mejoras | B12: 0 | C12: 0 | D12: =+B12+C12 -> 0 | E12: 0 | F12: 0 | G12: =+F12-B12 -> 0
A13: D. Derechos | B13: 0 | C13: 0 | D13: =+B13+C13 -> 0 | E13: 0 | F13: 0 | G13: =+F13-B13 -> 0
A14: E. Productos | B14: 2946730.3 | C14: 137623.78 | D14: =+B14+C14 -> 3084354.1 | E14: 825701.9 | F14: 825701.9 | G14: =+F14-B14 -> -2121028.4
A15: F. Aprovechamientos | B15: 0 | C15: 0 | D15: =+B15+C15 -> 0 | E15: 0 | F15: 0 | G15: =+F15-B15 -> 0
A16: G. Ingresos por Venta de Bienes y Servicios | B16: 78238515 | C16: 9324.32 | D16: =+B16+C16 -> 78247840 | E16: 7678148.5 | F16: 2825275.5 | G16: =+F16-B16 -> -75413240
A17: H. Participaciones (H=h1+h2+h3+h4+h5+h6+h7+h8+h9+h10+h11) | B17: 0 | C17: 0 | D17: =+B17+C17 -> 0 | E17: 0 | F17: 0 | G17: =+F17-B17 -> 0
A18: h1) Fondo General de Participaciones | B18: 0 | C18: 0 | D18: =+B18+C18 -> 0 | E18: 0 | F18: 0 | G18: =+F18-B18 -> 0
A19: h2) Fondo de Fomento Municipal | B19: 0 | C19: 0 | D19: =+B19+C19 -> 0 | E19: 0 | F19: 0 | G19: =+F19-B19 -> 0
A20: h3) Fondo de Fiscalización y Recaudación | B20: 0 | C20: 0 | D20: =+B20+C20 -> 0 | E20: 0 | F20: 0 | G20: =+F20-B20 -> 0
A21: h4) Fondo de Compensación | B21: 0 | C21: 0 | D21: =+B21+C21 -> 0 | E21: 0 | F21: 0 | G21: =+F21-B21 -> 0
A22: h5) Fondo de Extracción de Hidrocarburos | B22: 0 | C22: 0 | D22: =+B22+C22 -> 0 | E22: 0 | F22: 0 | G22: =+F22-B22 -> 0
... A27: h10) Fondo del Impuesto Sobre la Renta | B27: 0 | C27: 0 | D27: =+B27+C27 -> 0 | E27: 0 | F27: 0 | G27: =+F27-B27 -> 0
A28: h11) Fondo de Estabilización de los Ingresos de las Entidades Federativas | B28: 0 | C28: 0 | D28: =+B28-C28 -> 0 | E28: 0 | F28: 0 | G28: =+F28-B28 -> 0
A29: I. Incentivos Derivados de la Colaboración Fiscal (I=i1+i2+i3+i4+i5) | B29: =+B30+B31+B32+B33+B34 -> 0 | C29: =+C30+C31+C32+C33+C34 -> 0 | D29: =+D30+D31+D32+D33+D34 -> 0 | E29: =+E30+E31+E32+E33+E34 -> 0 | F29: =+F30+F31+F32+F33+F34 -> 0 | G29: =+F29-B29 -> 0
A30: i1) Tenencia o Uso de Vehículos | B30: 0 | C30: 0 | D30: =+B30+C30 -> 0 | E30: 0 | F30: 0 | G30: =+F30-B30 -> 0
A31: i2) Fondo de compensación ISAN | B31: 0 | C31: 0 | D31: =+B31+C31 -> 0 | E31: 0 | F31: 0 | G31: =+F31-B31 -> 0
A32: i3) Impuesto Sobre Automóviles Nuevos | B32: 0 | C32: 0 | D32: =+B32+C32 -> 0 | E32: 0 | F32: 0 | G32: =+F32-B32 -> 0
A33: i4) Fondo de Compensación de Repecos-Intermedios | B33: 0 | C33: 0 | D33: =+B33+C33 -> 0 | E33: 0 | F33: 0 | G33: =+F33-B33 -> 0
A34: i5) Otros Incentivos Económicos | B34: 0 | C34: 0 | D34: =+B34+C34 -> 0 | E34: 0 | F34: 0 | G34: =+F34-B34 -> 0
A35: J. Transferencias | B35: =503021815-B52 -> 338937899 | C35: 0 | D35: =+B35+C35 -> 338937899 | E35: 68459524 | F35: 68459524 | G35: =+F35-B35 -> -2.7047837e+08
A36: K. Convenios | B36: 0 | C36: 0 | D36: =+B36+C36 -> 0 | E36: 0 | F36: 0 | G36: =+F36-B36 -> 0
A37: k1) Otros Convenios y Subsidios | B37: 0 | C37: 0 | D37: =+B37+C37 -> 0 | E37: 0 | F37: 0 | G37: =+F37-B37 -> 0
A38: L. Otros ingresos de Libre Disposición (L=l1+l2) | B38: =+B39+B40 -> 0 | C38: =+C39+C40 -> 0 | D38: =+D39+D40 -> 0 | E38: =+E39+E40 -> 0 | F38: =+F39+F40 -> 0 | G38: =+G39+G40 -> 0
A39: l1) Participaciones en Ingresos Locales | B39: 0 | C39: 0 | D39: =+B39+C39 -> 0 | E39: 0 | F39: 0 | G39: =+F39-B39 -> 0
A40: l2) Otros Ingresos de Libre Disposición | B40: 0 | C40: 0 | D40: =+B40+C40 -> 0 | E40: 0 | F40: 0 | G40: =+F40-B40 -> 0
A41: I. Total de ingresos de Libre Disposición (I=A+B+C+D+E+F+G+H+I+J+K+L) | B41: =+B35+B29+B17+B16+B15+B14+B13+B12+B11 -> 1.293521e+09 | C41: =+C35+C29+C17+C16+C15+C14+C13+C12+C11 -> 146948.1 | D41: =+D35+D29+D17+D16+D15+D14+D13+D12+D11 -> 1.2936679e+09 | E41: =+E35+E29+E17+E16+E15+E14+E13+E12+E11 -> 2.9008484e+08 | F41: =+F35+F29+F17+F16+F15+F14+F13+F12+F11 -> 2.4268997e+08 | G41: =+G35+G29+G17+G16+G15+G14+G13+G12+G11 -> -1.050831e+09
A42: Ingresos Excedentes de Ingresos de Libre Disposición
A43: Transferencias Federales Etiquetadas
A44: A. Aportaciones (A=a1+a2+a3+a4+a5+a6+a7+a8) | B44: =+B45+B46+B47+B48+B49+B50+B51+B52 -> 164083916 | C44: =+C45+C46+C47+C48+C49+C50+C51+C52 -> 0 | D44: =+D45+D46+D47+D48+D49+D50+D51+D52 -> 164083916 | E44: =+E45+E46+E47+E48+E49+E50+E51+E52 -> 0 | F44: =+F45+F46+F47+F48+F49+F50+F51+F52 -> 0 | G44: =+G45+G46+G47+G48+G49+G50+G51+G52 -> -164083916
A45: a1) Fondo de Aportaciones para la Nómina Educativa y Gasto Operativo | B45: 0 | C45: 0 | D45: =+B45+C45 -> 0 | E45: 0 | F45: 0 | G45: =+F45-B45 -> 0
A46: a2) Fondo de Aportaciones para los Servicios de Salud | B46: 0 | C46: 0 | D46: =+B46+C46 -> 0 | E46: 0 | F46: 0 | G46: =+F46-B46 -> 0
A47: a3) Fondo de Aportaciones para la Infraestructura Social | B47: 0 | C47: 0 | D47: =+B47+C47 -> 0 | E47: 0 | F47: 0 | G47: =+F47-B47 -> 0
A48: a4) Fondo de Aportaciones para el Fortalecimiento de los Municipios y de las Demarcaciones Territoriales del Distrito Federal | B48: 0 | C48: 0 | D48: =+B48+C48 -> 0 | E48: 0 | F48: 0 | G48: =+F48-B48 -> 0
A49: a5) Fondo de Aportaciones Múltiples | B49: 0 | C49: 0 | D49: =+B49+C49 -> 0 | E49: 0 | F49: 0 | G49: =+F49-B49 -> 0
A50: a6) Fondo de Aportaciones Para la Educación Tecnológica y de Adultos | B50: 0 | C50: 0 | D50: =+B50+C50 -> 0 | E50: 0 | F50: 0 | G50: =+F50-B50 -> 0
A51: a7) Fondo de Aportaciones para la Seguridad Publica de los Estados y del Distrito Federal | B51: 0 | C51: 0 | D51: =+B51+C51 -> 0 | E51: 0 | F51: 0 | G51: =+F51-B51 -> 0
A52: a8) Fondo de Aportaciones para el Fortalecimiento de las Entidades Federativas | B52: 164083916 | C52: 0 | D52: =+B52+C52 -> 164083916 | E52: 0 | F52: 0 | G52: =+F52-B52 -> -164083916
A53: B. Convenios (B=b1+b2+b3+b4) | B53: =+B54+B55+B56+B57 -> 0 | C53: =+C54+C55+C56+C57 -> 0 | D53: =+D54+D55+D56+D57 -> 0 | E53: =+E54+E55+E56+E57 -> 0 | F53: =+F54+F55+F56+F57 -> 0 | G53: =+F53-B53 -> 0
A54: b1) Convenios de Protección social en Salud | B54: 0 | C54: 0 | D54: =+B54+C54 -> 0 | E54: 0 | F54: 0 | G54: =+F54-B54 -> 0
A55: b2) Convenios de Descentralización | B55: 0 | C55: 0 | D55: =+B55+C55 -> 0 | E55: 0 | F55: 0 | G55: =+F55-B55 -> 0
A56: b3) Convenios de Reasignación | B56: 0 | C56: 0 | D56: =+B56+C56 -> 0 | E56: 0 | F56: 0 | G56: =+F56-B56 -> 0
A57: b4) Otros convenios y Subsidios | B57: 0 | C57: 0 | D57: =+B57+C57 -> 0 | E57: 0 | F57: 0 | G57: =+F57-B57 -> 0
A58: C.Fondos Distintos de Aportaciones (C=c1+c2) | B58: =+B59+B60 -> 0 | C58: =+C59+C60 -> 0 | D58: =+D59+D60 -> 0 | E58: =+E59+E60 -> 0 | F58: =+F59+F60 -> 0 | G58: =+F58-B58 -> 0
A59: c1) Fondo para Entidades Federativas y Municipios Productores de Hidrocarburos | B59: 0 | C59: 0 | D59: =+B59+C59 -> 0 | E59: 0 | F59: 0 | G59: =+F59-B59 -> 0
A60: c2) Fondo Minero | B60: 0 | C60: 0 | D60: =+B60+C60 -> 0 | E60: 0 | F60: 0 | G60: =+F60-B60 -> 0
A61: D. Transferencias, Subsidios y Subvenciones, y Pensiones y Jubilaciones | B61: 0 | C61: 0 | D61: =+B61+C61 -> 0 | E61: 0 | F61: 0 | G61: =+F61-B61 -> 0
A62: E. Otras Transferencias Federales Etiquetadas | B62: 0 | C62: 0 | D62: =+B62+C62 -> 0 | E62: 0 | F62: 0 | G62: =+F62-B62 -> 0
A63: II. Total de Transferencias federales Etiquetas (II=A+B+C+D+E) | B63: =+B44+B53+B58+B61+B62 -> 164083916 | C63: =+C44+C53+C58+C61+C62 -> 0 | D63: =+D44+D53+D58+D61+D62 -> 164083916 | E63: =+E44+E53+E58+E61+E62 -> 0 | F63: =+F44+F53+F58+F61+F62 -> 0 | G63: =+G44+G53+G58+G61+G62 -> -164083916
A64: III. Ingresos Derivados de Financiamientos (III=A) | B64: =+B65 -> 0 | C64: =+C65 -> 0 | D64: =+D65 -> 0 | E64: =+E65 -> 0 | F64: =+F65 -> 0 | G64: =+G65 -> 0
A65: A. Ingresos Derivados de Financiamientos | B65: 0 | C65: 0 | D65: =+B65+C65 -> 0 | E65: 0 | F65: 0 | G65: =+F65-D65 -> 0
A66: IV. Total de Ingresos (IV=I+II+III) | B66: =+B41+B63+B64 -> 1.4576049e+09 | C66: =+C41+C63+C64 -> 146948.1 | D66: =+D41+D63+D64 -> 1.4577518e+09 | E66: =+E41+E63+E64 -> 2.9008484e+08 | F66: =+F41+F63+F64 -> 2.4268997e+08 | G66: =+G41+G63+G64 -> -1.2149149e+09
A67: Datos Informativos | B67: 0 | C67: 0 | D67: =+B67+C67 -> 0 | E67: 0 | F67: 0 | G67: =+F67-D67 -> 0
A68: 1. Ingresos Derivados de Financiamientos con Fuente de Pago de Ingresos de Libre Disposición | B68: =+B41 -> 1.293521e+09 | C68: =+C41 -> 146948.1 | D68: =+D41 -> 1.2936679e+09 | E68: =+E41 -> 2.9008484e+08 | F68: =+F41 -> 2.4268997e+08 | G68: =+G41 -> -1.050831e+09
A69: 2. Ingresos Derivados de Financiamientos con Fuente de Pago de Transferencias Federales Etiquetadas | B69: =+B63 -> 164083916 | C69: =+C63 -> 0 | D69: =+B69+C69 -> 164083916 | E69: =+E63 -> 0 | F69: =+F63 -> 0 | G69: =+F69-B69 -> -164083916
A70: 3. Ingresos Derivados de financiamientos (3=1+2) | B70: =+B68+B69 -> 1.4576049e+09 | C70: =+C68+C69 -> 146948.1 | D70: =+D68+D69 -> 1.4577518e+09 | E70: =+E68+E69 -> 2.9008484e+08 | F70: =+F68+F69 -> 2.4268997e+08 | G70: =+G68+G69 -> -1.2149149e+09
A71: FUENTE: Elaborados con información del CONAC. Criterios para la elaboracion y presentación homogénea de la información financiera y de los formatos a que hace referencia la Ley de Disciplina Financiera de las Entidades Federativas y los Municipios.
A72: NOTA: Ingresos Excedentes de Ingresos de Libre Disposición.- En este rubro representa la suma de los Ingresos que se han registrado adicional al Ingreso Estimado.
A73: NOTA: En el caso que los Organismos reciban recursos del Ramo 33, estos deberán reflejarse como Transferencias, y no dentro del Fondo de Aportaciones del Ramo 33 correspondiente, unicamente el poder Ejecutivo es quin lo reflejara como Aportaciones.

Sheet F6a. EAEPE OG
B2: DIRECCIÓN DE PENSIONES DEL ESTADO DE DURANGO
B3: Estado Analítico del Ejercicio del Presupuesto de Egresos Detallado - LDF
B4: Clasificación por Objeto del Gasto (Capítulo y Concepto)
B5: Del 1 de enero al 31 de marzo del 2021
B7: Concepto | I7: Subejercicio
D8: Aprobado | E8: Ampliaciones/ (Reducciones) | F8: Modificado | G8: Devengado | H8: Pagado
D9: 1 | E9: 2 | F9: 3 = ( 1+2 ) | G9: 4 | H9: 5 | I9: 6 = ( 3-4 )
B10: I. Gasto No Etiquetado | D10: =+D11+D19+D29+D39+D49+D59+D63+D71+D75 -> 1.3679733e+09 | E10: =+E11+E19+E29+E39+E49+E59+E63+E71+E75 -> 12161740 | F10: =+F11+F19+F29+F39+F49+F59+F63+F71+F75 -> 1.380135e+09 | G10: =+G11+G19+G29+G39+G49+G59+G63+G71+G75 -> 2.7309287e+08 | H10: =+H11+H19+H29+H39+H49+H59+H63+H71+H75 -> 2.7195066e+08 | I10: =+I11+I19+I29+I39+I49+I59+I63+I71+I75 -> 1.1070422e+09
B11: A. Servicios Personales | D11: =SUM(D12:D18) -> 58160431 | E11: =SUM(E12:E18) -> 0 | F11: =SUM(F12:F18) -> 58160431 | G11: =SUM(G12:G18) -> 11272804 | H11: =SUM(H12:H18) -> 10149822 | I11: =SUM(I12:I18) -> 46887627
B12: a1) | C12: Remuneraciones al Personal de Carácter Permanente | D12: 30090670 | E12: 0 | F12: =+D12+E12 -> 30090670 | G12: 7079153.3 | H12: 7079153.3 | I12: =+F12-G12 -> 23011517
B13: a2) | C13: Remuneraciones al Personal de Carácter Transitorio | D13: 468756.12 | E13: 0 | F13: =+D13+E13 -> 468756.12 | G13: 0 | H13: 0 | I13: =+F13-G13 -> 468756.12
B14: a3) | C14: Remuneraciones Adicionales y Especiales | D14: 8721028.4 | E14: 0 | F14: =+D14+E14 -> 8721028.4 | G14: 1806005.8 | H14: 683023.8 | I14: =+F14-G14 -> 6915022.6
B15: a4) | C15: Seguridad Social | D15: 9715863.4 | E15: 0 | F15: =+D15+E15 -> 9715863.4 | G15: 1004193.5 | H15: 1004193.5 | I15: =+F15-G15 -> 8711669.9
B16: a5) | C16: Otras Prestaciones Sociales y Económicas | D16: 5614559.3 | E16: 0 | F16: =+D16+E16 -> 5614559.3 | G16: 937153.36 | H16: 937153.36 | I16: =+F16-G16 -> 4677405.9
B17: a6) | C17: Previsiones | D17: 423877.62 | E17: 0 | F17: =+D17+E17 -> 423877.62 | G17: 0 | H17: 0 | I17: =+F17-G17 -> 423877.62
B18: a7) | C18: Pago de Estímulos a Servidores Públicos | D18: 3125675.7 | E18: 0 | F18: =+D18+E18 -> 3125675.7 | G18: 446297.7 | H18: 446297.7 | I18: =+F18-G18 -> 2679378
B19: B. Materiales y Suministros | D19: =SUM(D20:D28) -> 20776521 | E19: =SUM(E20:E28) -> 3200 | F19: =SUM(F20:F28) -> 20779721 | G19: =SUM(G20:G28) -> 3281247.5 | H19: =SUM(H20:H28) -> 3270504.2 | I19: =SUM(I20:I28) -> 17498474
B20: b1) | C20: Materiales de Administración Emisión de Documentos y Artículos Oficiales | D20: 1474899 | E20: -1000 | F20: =+D20+E20 -> 1473899 | G20: 98260.33 | H20: 89997.98 | I20: =+F20-G20 -> 1375638.7
B21: b2) | C21: Alimentos y Utensilios | D21: 359287.92 | E21: 0 | F21: =+D21+E21 -> 359287.92 | G21: 24311.64 | H21: 24311.64 | I21: =+F21-G21 -> 334976.28
B22: b3) | C22: Materias Primas y Materiales de Producción y Comercialización | D22: 16752000 | E22: 0 | F22: =+D22+E22 -> 16752000 | G22: 3091370.2 | H22: 3091370.2 | I22: =+F22-G22 -> 13660630
B23: b4) | C23: Materiales y Artículos de Construcción y de Reparación | D23: 566479.45 | E23: -700 | F23: =+D23+E23 -> 565779.45 | G23: 9713.62 | H23: 9239.48 | I23: =+F23-G23 -> 556065.83
B24: b5) | C24: Productos Químicos, Farmacéuticos y de Laboratorio | D24: 188000 | E24: 0 | F24: =+D24+E24 -> 188000 | G24: 813.32 | H24: 813.32 | I24: =+F24-G24 -> 187186.68
B25: b6) | C25: Combustibles, Lubricantes y Aditivos | D25: 486260 | E25: 0 | F25: =+D25+E25 -> 486260 | G25: 45297.35 | H25: 45297.35 | I25: =+F25-G25 -> 440962.65
B26: b7) | C26: Vestuario, Blancos, Prendas de Protección y Artículos Deportivos | D26: 385755.54 | E26: 0 | F26: =+D26+E26 -> 385755.54 | G26: 1079.52 | H26: 1032.72 | I26: =+F26-G26 -> 384676.02
B27: b8) | C27: Materiales y Suministros para Seguridad | D27: 0 | E27: 0 | F27: =+D27+E27 -> 0 | G27: 0 | H27: 0 | I27: =+F27-G27 -> 0
B28: b9) | C28: Herramientas, Refacciones y Accesorios Menores | D28: 563839.41 | E28: 4900 | F28: =+D28+E28 -> 568739.41 | G28: 10401.43 | H28: 8441.43 | I28: =+F28-G28 -> 558337.98
B29: C. Servicios Generales | D29: =SUM(D30:D38) -> 10019344 | E29: =SUM(E30:E38) -> 73940 | F29: =SUM(F30:F38) -> 10093284 | G29: =SUM(G30:G38) -> 915221.5 | H29: =SUM(H30:H38) -> 906738.47 | I29: =SUM(I30:I38) -> 9178062.4
B30: c1) | C30: Servicios Básicos | D30: 1637029.4 | E30: 0 | F30: =+D30+E30 -> 1637029.4 | G30: 127970.12 | H30: 119487.09 | I30: =+F30-G30 -> 1509059.3
B31: c2) | C31: Servicios de Arrendamiento | D31: 285006.07 | E31: -19600 | F31: =+D31+E31 -> 265406.07 | G31: 23987.15 | H31: 23987.15 | I31: =+F31-G31 -> 241418.92
B32: c3) | C32: Servicios Profesionales, Científicos, Técnicos y Otros Servicios | D32: 3144805.4 | E32: 0 | F32: =+D32+E32 -> 3144805.4 | G32: 300649.45 | H32: 300649.45 | I32: =+F32-G32 -> 2844155.9
B33: c4) | C33: Servicios Financieros, Bancarios y Comerciales | D33: 996039.76 | E33: 99740 | F33: =+D33+E33 -> 1095779.8 | G33: 352904.42 | H33: 352904.42 | I33: =+F33-G33 -> 742875.34
B34: c5) | C34: Servicios de Instalación, Reparación, Mantenimiento y Conservación | D34: 885432.15 | E34: 6800 | F34: =+D34+E34 -> 892232.15 | G34: 27280.2 | H34: 27280.2 | I34: =+F34-G34 -> 864951.95
B35: c6) | C35: Servicios de Comunicación Social y Publicidad | D35: 340000 | E35: -8000 | F35: =+D35+E35 -> 332000 | G35: 0 | H35: 0 | I35: =+F35-G35 -> 332000
B36: c7) | C36: Servicios de Traslado y Viáticos | D36: 466890.14 | E36: -3000 | F36: =+D36+E36 -> 463890.14 | G36: 8267.4 | H36: 8267.4 | I36: =+F36-G36 -> 455622.74
B37: c8) | C37: Servicios Oficiales | D37: 368100 | E37: -2000 | F37: =+D37+E37 -> 366100 | G37: 1348 | H37: 1348 | I37: =+F37-G37 -> 364752
B38: c9) | C38: Otros Servicios Generales | D38: 1896041 | E38: 0 | F38: =+D38+E38 -> 1896041 | G38: 72814.76 | H38: 72814.76 | I38: =+F38-G38 -> 1823226.2
B39: D. Transferencias, Asignaciones, Subsidios y Otras Ayudas | D39: =SUM(D40:D48) -> 1.2713139e+09 | E39: =SUM(E40:E48) -> 10945000 | F39: =SUM(F40:F48) -> 1.2822589e+09 | G39: =SUM(G40:G48) -> 2.5760584e+08 | H39: =SUM(H40:H48) -> 2.5760584e+08 | I39: =SUM(I40:I48) -> 1.024653e+09
B40: d1) | C40: Transferencias Internas y Asignaciones al Sector Publico | D40: 0 | E40: 0 | F40: =+D40+E40 -> 0 | G40: 0 | H40: 0 | I40: =+F40-G40 -> 0
B41: d2) | C41: Transferencias al Resto del Sector Publico | D41: 0 | E41: 0 | F41: =+D41+E41 -> 0 | G41: 0 | H41: 0 | I41: =+F41-G41 -> 0
B42: d3) | C42: Subsidios y Subvenciones | D42: 0 | E42: 0 | F42: =+D42+E42 -> 0 | G42: 0 | H42: 0 | I42: =+F42-G42 -> 0
B43: d4) | C43: Ayudas Sociales | D43: 402000 | E43: 0 | F43: =+D43+E43 -> 402000 | G43: 26257.49 | H43: 26257.49 | I43: =+F43-G43 -> 375742.51
B44: d5) | C44: Pensiones y Jubilaciones | D44: =1434995773.42-D117 -> 1.2709119e+09 | E44: 10945000 | F44: =+D44+E44 -> 1.2818569e+09 | G44: 2.5757958e+08 | H44: 2.5757958e+08 | I44: =+F44-G44 -> 1.0242773e+09
B45: d6) | C45: Transferencias a Fideicomisos Mandatos y Otros Análogos | D45: 0 | E45: 0 | F45: =+D45+E45 -> 0 | G45: 0 | H45: 0 | I45: =+F45-G45 -> 0
B46: d7) | C46: Transferencias a la Seguridad Social | D46: 0 | E46: 0 | F46: =+D46+E46 -> 0 | G46: 0 | H46: 0 | I46: =+F46-G46 -> 0
B47: d8) | C47: Donativos | D47: 0 | E47: 0 | F47: =+D47+E47 -> 0 | G47: 0 | H47: 0 | I47: =+F47-G47 -> 0
B48: d9) | C48: Transferencias al Exterior | D48: 0 | E48: 0 | F48: =+D48+E48 -> 0 | G48: 0 | H48: 0 | I48: =+F48-G48 -> 0
B49: E. Bienes Muebles | D49: =SUM(D50:D58) -> 1624800.6 | E49: =SUM(E50:E58) -> 0 | F49: =SUM(F50:F58) -> 1624800.6 | G49: =SUM(G50:G58) -> 17757.69 | H49: =SUM(H50:H58) -> 17757.69 | I49: =SUM(I50:I58) -> 1607042.9
B50: e1) | C50: Mobiliario y Equipo de Administración | D50: 1285600.6 | E50: -11100 | F50: =+D50+E50 -> 1274500.6 | G50: 6665.69 | H50: 6665.69 | I50: =+F50-G50 -> 1267834.9
B51: e2) | C51: Mobiliario y Equipo Educacional y Recreativo | D51: 0 | E51: 0 | F51: =+D51+E51 -> 0 | G51: 0 | H51: 0 | I51: =+F51-G51 -> 0
B52: e3) | C52: Equipo e Instrumental Médico y de Laboratorio | D52: 0 | E52: 0 | F52: =+D52+E52 -> 0 | G52: 0 | H52: 0 | I52: =+F52-G52 -> 0
B53: e4) | C53: Vehículos y Equipo de Transporte | D53: 0 | E53: 0 | F53: =+D53+E53 -> 0 | G53: 0 | H53: 0 | I53: =+F53-G53 -> 0
B54: e5) | C54: Equipo de Defensa y Seguridad | D54: 0 | E54: 0 | F54: =+D54+E54 -> 0 | G54: 0 | H54: 0 | I54: =+F54-G54 -> 0
B55: e6) | C55: Maquinaria, Otros Equipos y Herramientas | D55: 100000 | E55: 11100 | F55: =+D55+E55 -> 111100 | G55: 11092 | H55: 11092 | I55: =+F55-G55 -> 100008
B56: e7) | C56: Activos Biológicos | D56: 0 | E56: 0 | F56: =+D56+E56 -> 0 | G56: 0 | H56: 0 | I56: =+F56-G56 -> 0
B57: e8) | C57: Bienes Inmuebles | D57: 0 | E57: 0 | F57: =+D57+E57 -> 0 | G57: 0 | H57: 0 | I57: =+F57-G57 -> 0
B58: e9) | C58: Activos Intangibles | D58: 239200 | E58: 0 | F58: =+D58+E58 -> 239200 | G58: 0 | H58: 0 | I58: =+F58-G58 -> 239200
B59: F. Inversión Publica | D59: =SUM(D60:D62) -> 6078332 | E59: =SUM(E60:E62) -> 1139599.9 | F59: =SUM(F60:F62) -> 7217931.9 | G59: =SUM(G60:G62) -> 0 | H59: =SUM(H60:H62) -> 0 | I59: =SUM(I60:I62) -> 7217931.9
B60: f1) | C60: Obra Publica en Bienes de Dominio Publico | D60: 0 | E60: 0 | F60: =+D60+E60 -> 0 | G60: 0 | H60: 0 | I60: =+F60-G60 -> 0
B61: f2) | C61: Obra Publica en Bienes Propios | D61: 6078332 | E61: 1139599.9 | F61: =+D61+E61 -> 7217931.9 | G61: 0 | H61: 0 | I61: =+F61-G61 -> 7217931.9
B62: f3) | C62: Proyectos Productivos y Acciones de Fomento | D62: 0 | E62: 0 | F62: =+D62+E62 -> 0 | G62: 0 | H62: 0 | I62: =+F62-G62 -> 0
B63: G. Inversiones Financieras y Otras Provisiones | D63: =SUM(D64:D70) -> 0 | E63: =SUM(E64:E70) -> 0 | F63: =SUM(F64:F70) -> 0 | G63: =SUM(G64:G70) -> 0 | H63: =SUM(H64:H70) -> 0 | I63: =SUM(I64:I70) -> 0
B64: g1) | C64: Inversiones para el fomento de Actividades Productivas | D64: 0 | E64: 0 | F64: =+D64+E64 -> 0 | G64: 0 | H64: 0 | I64: =+F64-G64 -> 0
B65: g2) | C65: Acciones y Participaciones de Capital | D65: 0 | E65: 0 | F65: =+D65+E65 -> 0 | G65: 0 | H65: 0 | I65: =+F65-G65 -> 0
B66: g3) | C66: Compra de Títulos y Valores | D66: 0 | E66: 0 | F66: =+D66+E66 -> 0 | G66: 0 | H66: 0 | I66: =+F66-G66 -> 0
B67: g4) | C67: Concesión de Préstamos | D67: 0 | E67: 0 | F67: =+D67+E67 -> 0 | G67: 0 | H67: 0 | I67: =+F67-G67 -> 0
B68: g5) | C68: Inversiones en Fideicomisos, Mandatos y Otros Análogos | D68: 0 | E68: 0 | F68: =+D68+E68 -> 0 | G68: 0 | H68: 0 | I68: =+F68-G68 -> 0
B69: g6) | C69: Otras Inversiones Financieras | D69: 0 | E69: 0 | F69: =+D69+E69 -> 0 | G69: 0 | H69: 0 | I69: =+F69-G69 -> 0
B70: g7) | C70: Provisiones para Contingencias y Otras Erogaciones Especiales | D70: 0 | E70: 0 | F70: =+D70+E70 -> 0 | G70: 0 | H70: 0 | I70: =+F70-G70 -> 0
B71: H. Participaciones y Aportaciones | D71: =SUM(D72:D74) -> 0 | E71: =SUM(E72:E74) -> 0 | F71: =SUM(F72:F74) -> 0 | G71: =SUM(G72:G74) -> 0 | H71: =SUM(H72:H74) -> 0 | I71: =SUM(I72:I74) -> 0
B72: h1) | C72: Participaciones | D72: 0 | E72: 0 | F72: =+D72+E72 -> 0 | G72: 0 | H72: 0 | I72: =+F72-G72 -> 0
B73: h2) | C73: Aportaciones | D73: 0 | E73: 0 | F73: =+D73+E73 -> 0 | G73: 0 | H73: 0 | I73: =+F73-G73 -> 0
B74: h3) | C74: Convenios | D74: 0 | E74: 0 | F74: =+D74+E74 -> 0 | G74: 0 | H74: 0 | I74: =+F74-G74 -> 0
B75: I. Deuda Publica | D75: =SUM(D76:D82) -> 0 | E75: =SUM(E76:E82) -> 0 | F75: =SUM(F76:F82) -> 0 | G75: =SUM(G76:G82) -> 0 | H75: =SUM(H76:H82) -> 0 | I75: =SUM(I76:I82) -> 0
B76: i1) | C76: Amortización de la Deuda Publica | D76: 0 | E76: 0 | F76: =+D76+E76 -> 0 | G76: 0 | H76: 0 | I76: =+F76-G76 -> 0
B77: i2) | C77: Intereses de la Deuda Publica | D77: 0 | E77: 0 | F77: =+D77+E77 -> 0 | G77: 0 | H77: 0 | I77: =+F77-G77 -> 0
B78: i3) | C78: Comisiones de la Deuda Pública | D78: 0 | E78: 0 | F78: =+D78+E78 -> 0 | G78: 0 | H78: 0 | I78: =+F78-G78 -> 0
B79: i4) | C79: Gastos de la Deuda Pública | D79: 0 | E79: 0 | F79: =+D79+E79 -> 0 | G79: 0 | H79: 0 | I79: =+F79-G79 -> 0
B80: i5) | C80: Costo por Coberturas | D80: 0 | E80: 0 | F80: =+D80+E80 -> 0 | G80: 0 | H80: 0 | I80: =+F80-G80 -> 0
B81: i6) | C81: Apoyos Financieros | D81: 0 | E81: 0 | F81: =+D81+E81 -> 0 | G81: 0 | H81: 0 | I81: =+F81-G81 -> 0
B82: i7) | C82: Adeudos de Ejercicios Fiscales Anteriores (Adefas) | D82: 0 | E82: 0 | F82: =+D82+E82 -> 0 | G82: 0 | H82: 0 | I82: =+F82-G82 -> 0
B83: II. Gasto Etiquetado | D83: =+D84+D92+D102+D112+D122+D132+D136+D144+D148 -> 164083916 | E83: =+E84+E92+E102+E112+E122+E132+E136+E144+E148 -> 0 | F83: =+F84+F92+F102+F112+F122+F132+F136+F144+F148 -> 164083916 | G83: =+G84+G92+G102+G112+G122+G132+G136+G144+G148 -> 0 | H83: =+H84+H92+H102+H112+H122+H132+H136+H144+H148 -> 0 | I83: =+I84+I92+I102+I112+I122+I132+I136+I144+I148 -> 164083916
B84: A. Servicios Personales | D84: =SUM(D85:D91) -> 0 | E84: =SUM(E85:E91) -> 0 | F84: =SUM(F85:F91) -> 0 | G84: =SUM(G85:G91) -> 0 | H84: =SUM(H85:H91) -> 0 | I84: =SUM(I85:I91) -> 0
B85: a1) | C85: Remuneraciones al Personal de Carácter Permanente | D85: 0 | E85: 0 | F85: =+D85+E85 -> 0 | G85: 0 | H85: 0 | I85: =+F85-G85 -> 0
B86: a2) | C86: Remuneraciones al Personal de Carácter Transitorio | D86: 0 | E86: 0 | F86: =+D86+E86 -> 0 | G86: 0 | H86: 0 | I86: =+F86-G86 -> 0
B87: a3) | C87: Remuneraciones Adicionales y Especiales | D87: 0 | E87: 0 | F87: =+D87+E87 -> 0 | G87: 0 | H87: 0 | I87: =+F87-G87 -> 0
B88: a4) | C88: Seguridad Social | D88: 0 | E88: 0 | F88: =+D88+E88 -> 0 | G88: 0 | H88: 0 | I88: =+F88-G88 -> 0
B89: a5) | C89: Otras Prestaciones Sociales y Económicas | D89: 0 | E89: 0 | F89: =+D89+E89 -> 0 | G89: 0 | H89: 0 | I89: =+F89-G89 -> 0
B90: a6) | C90: Previsiones | D90: 0 | E90: 0 | F90: =+D90+E90 -> 0 | G90: 0 | H90: 0 | I90: =+F90-G90 -> 0
B91: a7) | C91: Pago de Estímulos a Servidores Públicos | D91: 0 | E91: 0 | F91: =+D91+E91 -> 0 | G91: 0 | H91: 0 | I91: =+F91-G91 -> 0
B92: B. Materiales y Suministros | D92: =SUM(D93:D101) -> 0 | E92: =SUM(E93:E101) -> 0 | F92: =SUM(F93:F101) -> 0 | G92: =SUM(G93:G101) -> 0 | H92: =SUM(H93:H101) -> 0 | I92: =SUM(I93:I101) -> 0
B93: b1) | C93: Materiales de Administración Emisión de Documentos y Artículos Oficiales | D93: 0 | E93: 0 | F93: =+D93+E93 -> 0 | G93: 0 | H93: 0 | I93: =+F93-G93 -> 0
B94: b2) | C94: Alimentos y Utensilios | D94: 0 | E94: 0 | F94: =+D94+E94 -> 0 | G94: 0 | H94: 0 | I94: =+F94-G94 -> 0
B95: b3) | C95: Materias Primas y Materiales de Producción y Comercialización | D95: 0 | E95: 0 | F95: =+D95+E95 -> 0 | G95: 0 | H95: 0 | I95: =+F95-G95 -> 0
B96: b4) | C96: Materiales y Artículos de Construcción y de Reparación | D96: 0 | E96: 0 | F96: =+D96+E96 -> 0 | G96: 0 | H96: 0 | I96: =+F96-G96 -> 0
B97: b5) | C97: Productos Químicos, Farmacéuticos y de Laboratorio | D97: 0 | E97: 0 | F97: =+D97+E97 -> 0 | G97: 0 | H97: 0 | I97: =+F97-G97 -> 0
B98: b6) | C98: Combustibles, Lubricantes y Aditivos | D98: 0 | E98: 0 | F98: =+D98+E98 -> 0 | G98: 0 | H98: 0 | I98: =+F98-G98 -> 0
B99: b7) | C99: Vestuario, Blancos, Prendas de Protección y Artículos Deportivos | D99: 0 | E99: 0 | F99: =+D99+E99 -> 0 | G99: 0 | H99: 0 | I99: =+F99-G99 -> 0
B100: b8) | C100: Materiales y Suministros para Seguridad | D100: 0 | E100: 0 | F100: =+D100+E100 -> 0 | G100: 0 | H100: 0 | I100: =+F100-G100 -> 0
B101: b9) | C101: Herramientas, Refacciones y Accesorios Menores | D101: 0 | E101: 0 | F101: =+D101+E101 -> 0 | G101: 0 | H101: 0 | I101: =+F101-G101 -> 0
B102: C. Servicios Generales | D102: =SUM(D103:D111) -> 0 | E102: =SUM(E103:E111) -> 0 | F102: =SUM(F103:F111) -> 0 | G102: =SUM(G103:G111) -> 0 | H102: =SUM(H103:H111) -> 0 | I102: =SUM(I103:I111) -> 0
...

Sheet F6b. EAEPE ADMVA
A1: DIRECCIÓN DE PENSIONES DEL ESTADO DE DURANGO
A2: Estado Analítico del Ejercicio del Presupuesto de Egresos - LDF
A3: Clasificación Administrativa
A4: Del 1 de enero al 31 de marzo del 2021
A5: (Pesos)
A7: Concepto | B7: Egresos | G7: Subejercicio
B8: Aprobado | C8: Ampliaciones/ (Reducciones) | D8: Modificado | E8: Devengado | F8: Pagado
A9: I. Gasto No Etiquetado | B9: =SUM(B10:B20) -> 1.3679733e+09 | C9: =SUM(C10:C20) -> 12161740 | D9: =SUM(D10:D20) -> 1.380135e+09 | E9: =SUM(E10:E20) -> 2.7309287e+08 | F9: =SUM(F10:F20) -> 2.7195066e+08 | G9: =SUM(G10:G20) -> 1.1070422e+09
A10: A. Dirección General | B10: 4993793.8 | C10: 0 | D10: =+B10+C10 -> 4993793.8 | E10: 871317.06 | F10: 769253.64 | G10: =+D10-E10 -> 4122476.7
A11: B. Subdirección | B11: 2041152.7 | C11: 0 | D11: =+B11+C11 -> 2041152.7 | E11: 407954.38 | F11: 361133.27 | G11: =+D11-E11 -> 1633198.3
A12: C. Dirección de informatica | B12: 5082765 | C12: 0 | D12: =+B12+C12 -> 5082765 | E12: 789856.56 | F12: 700782.29 | G12: =+D12-E12 -> 4292908.4
A13: D. Dirección Jurídica | B13: 2453358 | C13: 0 | D13: =+B13+C13 -> 2453358 | E13: 469083.48 | F13: 419761.31 | G13: =+D13-E13 -> 1984274.5
A14: E. Delegación Gómez Palacio | B14: 2672825.4 | C14: 0 | D14: =+B14+C14 -> 2672825.4 | E14: 461845.32 | F14: 418787.88 | G14: =+D14-E14 -> 2210980.1
A15: F. Dirección Administrativa | B15: 16182648 | C15: -4595.25 | D15: =+B15+C15 -> 16178053 | E15: 2558690.3 | F15: 2335533.3 | G15: =+D15-E15 -> 13619363
A16: G. Dirección de Planeación y Finanzas | B16: 9829736.8 | C16: 77735.25 | D16: =+B16+C16 -> 9907472 | E16: 1758298.1 | F16: 1600373.3 | G16: =+D16-E16 -> 8149173.9
A17: H. Dirección de Contabilidad | B17: 5462966.1 | C17: 0 | D17: =+B17+C17 -> 5462966.1 | E17: 1097238.2 | F17: 981142.48 | G17: =+D17-E17 -> 4365727.9
A18: I. Dirección de Pensiones y Créditos | B18: =1441717715.32-B31 -> 1.2776338e+09 | C18: 10945000 | D18: =+B18+C18 -> 1.2885788e+09 | E18: 2.5881831e+08 | F18: 2.5868879e+08 | G18: =+D18-E18 -> 1.0297605e+09
A19: J. Restaurante & Bar Agave | B19: 24730800 | C19: 4000 | D19: =+B19+C19 -> 24734800 | E19: 3877188.4 | F19: 3771274 | G19: =+D19-E19 -> 20857612
A20: K. Administración de Cementerio y Servicios Funerarios | B20: 16889440 | C20: 1139599.9 | D20: =+B20+C20 -> 18029040 | E20: 1983089.9 | F20: 1903828.2 | G20: =+D20-E20 -> 16045950
A22: II. Gasto Etiquetado (II=A+B+C+D+E+F+G+H) | B22: =SUM(B23:B33) -> 164083916 | C22: =SUM(C23:C33) -> 0 | D22: =SUM(D23:D33) -> 164083916 | E22: =SUM(E23:E33) -> 0 | F22: =SUM(F23:F33) -> 0 | G22: =SUM(G23:G33) -> 164083916
A23: A. Dirección General | B23: 0 | C23: 0 | D23: =+B23+C23 -> 0 | E23: 0 | F23: 0 | G23: =+D23-E23 -> 0
A24: B. Subdirección | B24: 0 | C24: 0 | D24: =+B24+C24 -> 0 | E24: 0 | F24: 0 | G24: =+D24-E24 -> 0
A25: C. Dirección de informatica | B25: 0 | C25: 0 | D25: =+B25+C25 -> 0 | E25: 0 | F25: 0 | G25: =+D25-E25 -> 0
A26: D. Dirección Jurídica | B26: 0 | C26: 0 | D26: =+B26+C26 -> 0 | E26: 0 | F26: 0 | G26: =+D26-E26 -> 0
A27: E. Delegación Gómez Palacio | B27: 0 | C27: 0 | D27: =+B27+C27 -> 0 | E27: 0 | F27: 0 | G27: =+D27-E27 -> 0
A28: F. Dirección Administrativa | B28: 0 | C28: 0 | D28: =+B28+C28 -> 0 | E28: 0 | F28: 0 | G28: =+D28-E28 -> 0
A29: G. Dirección de Planeación y Finanzas | B29: 0 | C29: 0 | D29: =+B29+C29 -> 0 | E29: 0 | F29: 0 | G29: =+D29-E29 -> 0
A30: H. Dirección de Contabilidad | B30: 0 | C30: 0 | D30: =+B30+C30 -> 0 | E30: 0 | F30: 0 | G30: =+D30-E30 -> 0
A31: I. Dirección de Pensiones y Créditos | B31: 164083916 | D31: =+B31+C31 -> 164083916 | E31: 0 | F31: 0 | G31: =+D31-E31 -> 164083916
A32: J. Restaurante & Bar Agave | B32: 0 | C32: 0 | D32: =+B32+C32 -> 0 | E32: 0 | F32: 0 | G32: =+D32-E32 -> 0
A33: K. Administración de Cementerio y Servicios Funerarios | B33: 0 | C33: 0 | D33: =+B33+C33 -> 0 | E33: 0 | F33: 0 | G33: =+D33-E33 -> 0
A35: III. Total de Egresos | B35: =+B9+B22 -> 1.5320572e+09 | C35: =+C9+C22 -> 12161740 | D35: =+D9+D22 -> 1.5442189e+09 | E35: =+E9+E22 -> 2.7309287e+08 | F35: =+F9+F22 -> 2.7195066e+08 | G35: =+G9+G22 -> 1.2711261e+09

Sheet F6c. EAEPE FUNCION
B1: DIRECCIÓN DE PENSIONES DEL ESTADO DE DURANGO
B2: Estado Analítico del Ejercicio del Presupuesto de Egresos Detallado - LDF
B3: Clasificación Funcional (Finalidad y Función)
B4: Del 1 de enero al 31 de marzo del 2021
B5: (Pesos)
B7: Concepto | D7: Egresos | I7: Subejercicio
D8: Aprobado | E8: Ampliaciones/ Reducciones | F8: Modificado | G8: Devengado | H8: Pagado
B10: I. Gasto No Etiquetado (I=A+B+C+D) | D10: =+D11+D20+D28+D38 -> 1.3679733e+09 | E10: =+E11+E20+E28+E38 -> 12161740 | F10: =+F11+F20+F28+F38 -> 1.380135e+09 | G10: =+G11+G20+G28+G38 -> 2.7309287e+08 | H10: =+H11+H20+H28+H38 -> 2.7195066e+08 | I10: =+I11+I20+I28+I38 -> 1.1070422e+09
B11: A. Gobierno (A=a1+a2+a3+a4+a5+a6+a7+a8) | D11: =SUM(D12:D19) -> 0 | E11: =SUM(E12:E19) -> 0 | F11: =SUM(F12:F19) -> 0 | G11: =SUM(G12:G19) -> 0 | H11: =SUM(H12:H19) -> 0 | I11: =SUM(I12:I19) -> 0
C12: a1) Legislación | D12: 0 | E12: 0 | F12: =+D12+E12 -> 0 | G12: 0 | H12: 0 | I12: =+F12-G12 -> 0
C13: a2) Justicia | D13: 0 | E13: 0 | F13: =+D13+E13 -> 0 | G13: 0 | H13: 0 | I13: =+F13-G13 -> 0
C14: a3) Coordinación de la Política de Gobierno | D14: 0 | E14: 0 | F14: =+D14+E14 -> 0 | G14: 0 | H14: 0 | I14: =+F14-G14 -> 0
C15: a4) Relaciones Exteriores | D15: 0 | E15: 0 | F15: =+D15+E15 -> 0 | G15: 0 | H15: 0 | I15: =+F15-G15 -> 0
C16: a5) Asuntos Financieros y Hacendarios | D16: 0 | E16: 0 | F16: =+D16+E16 -> 0 | G16: 0 | H16: 0 | I16: =+F16-G16 -> 0
C17: a6) Seguridad Nacional | D17: 0 | E17: 0 | F17: =+D17+E17 -> 0 | G17: 0 | H17: 0 | I17: =+F17-G17 -> 0
C18: a7) Asuntos de Orden Público y de Seguridad Interior | D18: 0 | E18: 0 | F18: =+D18+E18 -> 0 | G18: 0 | H18: 0 | I18: =+F18-G18 -> 0
C19: a8) Otros Servicios Generales | D19: 0 | E19: 0 | F19: =+D19+E19 -> 0 | G19: 0 | H19: 0 | I19: =+F19-G19 -> 0
B20: B. Desarrollo Social (B=b1+b2+b3+b4+b5+b6+b7) | D20: =SUM(D21:D27) -> 1.3679733e+09 | E20: =SUM(E21:E27) -> 12161740 | F20: =SUM(F21:F27) -> 1.380135e+09 | G20: =SUM(G21:G27) -> 2.7309287e+08 | H20: =SUM(H21:H27) -> 2.7195066e+08 | I20: =SUM(I21:I27) -> 1.1070422e+09
C21: b1) Protección Ambiental | D21: 0 | E21: 0 | F21: =+D21+E21 -> 0 | G21: 0 | H21: 0 | I21: =+F21-G21 -> 0
C22: b2) Vivienda y Servicios a la Comunidad | D22: 0 | E22: 0 | F22: =+D22+E22 -> 0 | G22: 0 | H22: 0 | I22: =+F22-G22 -> 0
C23: b3) Salud | D23: 0 | E23: 0 | F23: =+D23+E23 -> 0 | G23: 0 | H23: 0 | I23: =+F23-G23 -> 0
C24: b4) Recreación, Cultura y Otras Manifestaciones Sociales | D24: 0 | E24: 0 | F24: =+D24+E24 -> 0 | G24: 0 | H24: 0 | I24: =+F24-G24 -> 0
C25: b5) Educación | D25: 0 | E25: 0 | F25: =+D25+E25 -> 0 | G25: 0 | H25: 0 | I25: =+F25-G25 -> 0
C26: b6) Protección Social | D26: =+'F6a. EAEPE OG'!D10 -> 1.3679733e+09 | E26: =+'F6a. EAEPE OG'!E10 -> 12161740 | F26: =+'F6a. EAEPE OG'!F10 -> 1.380135e+09 | G26: =+'F6a. EAEPE OG'!G10 -> 2.7309287e+08 | H26: =+'F6a. EAEPE OG'!H10 -> 2.7195066e+08 | I26: =+'F6a. EAEPE OG'!I10 -> 1.1070422e+09
C27: b7) Otros Asuntos Sociales | D27: 0 | E27: 0 | F27: =+D27+E27 -> 0
B28: C. Desarrollo Económico (C=c1+c2+c3+c4+c5+c6+c7+c8+c9) | D28: =SUM(D29:D37) -> 0 | E28: =SUM(E29:E37) -> 0 | F28: =SUM(F29:F37) -> 0 | G28: =SUM(G29:G37) -> 0 | H28: =SUM(H29:H37) -> 0 | I28: =SUM(I29:I37) -> 0
C29: c1) Asuntos Económicos, Comerciales y Laborales en General | D29: 0 | E29: 0 | F29: =+D29+E29 -> 0 | G29: 0 | H29: 0 | I29: =+F29-G29 -> 0
C30: c2) Agropecuaria, Silvicultura, Pesca y Caza | D30: 0 | E30: 0 | F30: =+D30+E30 -> 0 | G30: 0 | H30: 0 | I30: =+F30-G30 -> 0
C31: c3) Combustibles y Energía | D31: 0 | E31: 0 | F31: =+D31+E31 -> 0 | G31: 0 | H31: 0 | I31: =+F31-G31 -> 0
C32: c4) Minería, Manufacturas y Construcción | D32: 0 | E32: 0 | F32: =+D32+E32 -> 0 | G32: 0 | H32: 0 | I32: =+F32-G32 -> 0
C33: c5) Transporte | D33: 0 | E33: 0 | F33: =+D33+E33 -> 0 | G33: 0 | H33: 0 | I33: =+F33-G33 -> 0
C34: c6) Comunicaciones | D34: 0 | E34: 0 | F34: =+D34+E34 -> 0 | G34: 0 | H34: 0 | I34: =+F34-G34 -> 0
C35: c7) Turismo | D35: 0 | E35: 0 | F35: =+D35+E35 -> 0 | G35: 0 | H35: 0 | I35: =+F35-G35 -> 0
C36: c8) Ciencia, Tecnología e Innovación | D36: 0 | E36: 0 | F36: =+D36+E36 -> 0 | G36: 0 | H36: 0 | I36: =+F36-G36 -> 0
C37: c9) Otras Industrias y Otros Asuntos Económicos | D37: 0 | E37: 0 | F37: =+D37+E37 -> 0 | G37: 0 | H37: 0 | I37: =+F37-G37 -> 0
B38: D. Otras No Clasificadas en Funciones Anteriores (D=d1+d2+d3+d4) | D38: =SUM(D39:D42) -> 0 | E38: =SUM(E39:E42) -> 0 | F38: =SUM(F39:F42) -> 0 | G38: =SUM(G39:G42) -> 0 | H38: =SUM(H39:H42) -> 0 | I38: =SUM(I39:I42) -> 0
C39: d1) Transacciones de la Deuda Publica / Costo Financiero de la Deuda | D39: 0 | E39: 0 | F39: =+D39+E39 -> 0 | G39: 0 | H39: 0 | I39: =+F39-G39 -> 0
C40: d2) Transferencias, Participaciones y Aportaciones Entre Diferentes Niveles y Ordenes de Gobierno | D40: 0 | E40: 0 | F40: =+D40+E40 -> 0 | G40: 0 | H40: 0 | I40: =+F40-G40 -> 0
C41: d3) Saneamiento del Sistema Financiero | D41: 0 | E41: 0 | F41: =+D41+E41 -> 0 | G41: 0 | H41: 0 | I41: =+F41-G41 -> 0
C42: d4) Adeudos de Ejercicios Fiscales Anteriores | D42: 0 | E42: 0 | F42: =+D42+E42 -> 0 | G42: 0 | H42: 0 | I42: =+F42-G42 -> 0
B43: II. Gasto Etiquetado (II=A+B+C+D) | D43: =+D44+D53+D61 -> 164083916 | E43: =+E44+E53+E61 -> 0 | F43: =+F44+F53+F61 -> 164083916 | G43: =+G44+G53+G61 -> 0 | H43: =+H44+H53+H61 -> 0 | I43: =+I44+I53+I61 -> 164083916
B44: A. Gobierno (A=a1+a2+a3+a4+a5+a6+a7+a8) | D44: =SUM(D45:D52) -> 0 | E44: =SUM(E45:E52) -> 0 | F44: =SUM(F45:F52) -> 0 | G44: =SUM(G45:G52) -> 0 | H44: =SUM(H45:H52) -> 0 | I44: =SUM(I45:I52) -> 0
C45: a1) Legislación | D45: 0 | E45: 0 | F45: =+D45+E45 -> 0 | G45: 0 | H45: 0 | I45: =+F45-G45 -> 0
C46: a2) Justicia | D46: 0 | E46: 0 | F46: =+D46+E46 -> 0 | G46: 0 | H46: 0 | I46: =+F46-G46 -> 0
C47: a3) Coordinación de la Política de Gobierno | D47: 0 | E47: 0 | F47: =+D47+E47 -> 0 | G47: 0 | H47: 0 | I47: =+F47-G47 -> 0
C48: a4) Relaciones Exteriores | D48: 0 | E48: 0 | F48: =+D48+E48 -> 0 | G48: 0 | H48: 0 | I48: =+F48-G48 -> 0
C49: a5) Asuntos Financieros y Hacendarios | D49: 0 | E49: 0 | F49: =+D49+E49 -> 0 | G49: 0 | H49: 0 | I49: =+F49-G49 -> 0
C50: a6) Seguridad Nacional | D50: 0 | E50: 0 | F50: =+D50+E50 -> 0 | G50: 0 | H50: 0 | I50: =+F50-G50 -> 0
C51: a7) Asuntos de Orden Público y de Seguridad Interior | D51: 0 | E51: 0 | F51: =+D51+E51 -> 0 | G51: 0 | H51: 0 | I51: =+F51-G51 -> 0
C52: a8) Otros Servicios Generales | D52: 0 | E52: 0 | F52: =+D52+E52 -> 0 | G52: 0 | H52: 0 | I52: =+F52-G52 -> 0
B53: B. Desarrollo Social (B=b1+b2+b3+b4+b5+b6+b7) | D53: =SUM(D54:D60) -> 164083916 | E53: =SUM(E54:E60) -> 0 | F53: =SUM(F54:F60) -> 164083916 | G53: =SUM(G54:G60) -> 0 | H53: =SUM(H54:H60) -> 0 | I53: =SUM(I54:I60) -> 164083916
C54: b1) Protección Ambiental | D54: 0 | E54: 0 | F54: =+D54+E54 -> 0 | G54: 0 | H54: 0 | I54: =+F54-G54 -> 0
C55: b2) Vivienda y Servicios a la Comunidad | D55: 0 | E55: 0 | F55: =+D55+E55 -> 0 | G55: 0 | H55: 0 | I55: =+F55-G55 -> 0
C56: b3) Salud | D56: 0 | E56: 0 | F56: =+D56+E56 -> 0 | G56: 0 | H56: 0 | I56: =+F56-G56 -> 0
C57: b4) Recreación, Cultura y Otras Manifestaciones Sociales | D57: 0 | E57: 0 | F57: =+D57+E57 -> 0 | G57: 0 | H57: 0 | I57: =+F57-G57 -> 0
C58: b5) Educación | D58: 0 | E58: 0 | F58: =+D58+E58 -> 0 | G58: 0 | H58: 0 | I58: =+F58-G58 -> 0
C59: b6) Protección Social | D59: =+'F6a. EAEPE OG'!D83 -> 164083916 | E59: =+'F6a. EAEPE OG'!E83 -> 0 | F59: =+'F6a. EAEPE OG'!F83 -> 164083916 | G59: =+'F6a. EAEPE OG'!G83 -> 0 | H59: =+'F6a. EAEPE OG'!H83 -> 0 | I59: =+'F6a. EAEPE OG'!I83 -> 164083916
C60: b7) Otros Asuntos Sociales | D60: 0 | E60: 0 | F60: =+D60+E60 -> 0 | G60: 0 | H60: 0 | I60: =+F60-G60 -> 0
B61: C. Desarrollo Económico (C=c1+c2+c3+c4+c5+c6+c7+c8+c9) | D61: =SUM(D62:D70) -> 0 | E61: =SUM(E62:E70) -> 0 | F61: =SUM(F62:F70) -> 0 | G61: =SUM(G62:G70) -> 0 | H61: =SUM(H62:H70) -> 0 | I61: =SUM(I62:I70) -> 0
C62: c1) Asuntos Económicos, Comerciales y Laborales en General | D62: 0 | E62: 0 | F62: =+D62+E62 -> 0 | G62: 0 | H62: 0 | I62: =+F62-G62 -> 0
C63: c2) Agropecuaria, Silvicultura, Pesca y Caza | D63: 0 | E63: 0 | F63: =+D63+E63 -> 0 | G63: 0 | H63: 0 | I63: =+F63-G63 -> 0
C64: c3) Combustibles y Energía | D64: 0 | E64: 0 | F64: =+D64+E64 -> 0 | G64: 0 | H64: 0 | I64: =+F64-G64 -> 0
C65: c4) Minería, Manufacturas y Construcción | D65: 0 | E65: 0 | F65: =+D65+E65 -> 0 | G65: 0 | H65: 0 | I65: =+F65-G65 -> 0
C66: c5) Transporte | D66: 0 | E66: 0 | F66: =+D66+E66 -> 0 | G66: 0 | H66: 0 | I66: =+F66-G66 -> 0
C67: c6) Comunicaciones | D67: 0 | E67: 0 | F67: =+D67+E67 -> 0 | G67: 0 | H67: 0 | I67: =+F67-G67 -> 0
C68: c7) Turismo | D68: 0 | E68: 0 | F68: =+D68+E68 -> 0 | G68: 0 | H68: 0 | I68: =+F68-G68 -> 0
C69: c8) Ciencia, Tecnología e Innovación | D69: 0 | E69: 0 | F69: =+D69+E69 -> 0 | G69: 0 | H69: 0 | I69: =+F69-G69 -> 0
C70: c9) Otras Industrias y Otros Asuntos Económicos | D70: 0 | E70: 0 | F70: =+D70+E70 -> 0 | G70: 0 | H70: 0 | I70: =+F70-G70 -> 0
B71: D. Otras No Clasificadas en Funciones Anteriores (D=d1+d2+d3+d4) | D71: =SUM(D72:D75) -> 0 | E71: =SUM(E72:E75) -> 0 | F71: =SUM(F72:F75) -> 0 | G71: =SUM(G72:G75) -> 0 | H71: =SUM(H72:H75) -> 0 | I71: =SUM(I72:I75) -> 0
C72: d1) Transacciones de la Deuda Publica / Costo Financiero de la Deuda | D72: 0 | E72: 0 | F72: =+D72+E72 -> 0 | G72: 0 | H72: 0 | I72: =+F72-G72 -> 0
C73: d2) Transferencias, Participaciones y Aportaciones Entre Diferentes Niveles y Ordenes de Gobierno | D73: 0 | E73: 0 | F73: =+D73+E73 -> 0 | G73: 0 | H73: 0 | I73: =+F73-G73 -> 0
C74: d3) Saneamiento del Sistema Financiero | D74: 0 | E74: 0 | F74: =+D74+E74 -> 0 | G74: 0 | H74: 0 | I74: =+F74-G74 -> 0
C75: d4) Adeudos de Ejercicios Fiscales Anteriores | D75: 0 | E75: 0 | F75: =+D75+E75 -> 0 | G75: 0 | H75: 0 | I75: =+F75-G75 -> 0
B76: III. Total de Egresos (III = I + II) | D76: =+D10+D43 -> 1.5320572e+09 | E76: =+E10+E43 -> 12161740 | F76: =+F10+F43 -> 1.5442189e+09 | G76: =+G10+G43 -> 2.7309287e+08 | H76: =+H10+H43 -> 2.7195066e+08 | I76: =+I10+I43 -> 1.2711261e+09

Sheet F6d. EAEPE SP
B2: DIRECCIÓN DE PENSIONES DEL ESTADO DE DURANGO
B3: Estado Analítico del Ejercicio del Presupuesto de Egresos Detallado - LDF
B4: Clasificación de Servicios Personales por Categoría
B5: Del 1 de enero al 31 de marzo del 2021
B6: (Pesos)
B8: Concepto | C8: Egresos | H8: Subejercicio
C9: Aprobado | D9: Ampliaciones/ (Reducciones) | E9: Modificado | F9: Devengado | G9: Pagado
B10: I. Gasto No Etiquetado | C10: =+C11+C12+C13+C16+C17+C20 -> 58160431 | D10: =+D11+D12+D13+D16+D17+D20 -> 0 | E10: =+E11+E12+E13+E16+E17+E20 -> 58160431 | F10: =+F11+F12+F13+F16+F17+F20 -> 11272804 | G10: =+G11+G12+G13+G16+G17+G20 -> 10149822 | H10: =+H11+H12+H13+H16+H17+H20 -> 46887627
B11: A. Personal Administrativo y de Servicio Público | C11: =+'F6a. EAEPE OG'!D11 -> 58160431 | D11: =+'F6a. EAEPE OG'!E11 -> 0 | E11: =+C11+D11 -> 58160431 | F11: =+'F6a. EAEPE OG'!G11 -> 11272804 | G11: =+'F6a. EAEPE OG'!H11 -> 10149822 | H11: =+E11-F11 -> 46887627
B12: B. Magisterio | C12: 0 | D12: 0 | E12: =+C12+D12 -> 0 | F12: 0 | G12: 0 | H12: =+E12-F12 -> 0
B13: C. Servicios de Salud | C13: 0 | D13: 0 | E13: =+C13+D13 -> 0 | F13: 0 | G13: 0 | H13: =+E13-F13 -> 0
B14: Personal Administrativo | C14: 0 | D14: 0 | E14: =+C14+D14 -> 0 | F14: 0 | G14: 0 | H14: =+E14-F14 -> 0
B15: Personal Médico, Paramédico y afín | C15: 0 | D15: 0 | E15: =+C15+D15 -> 0 | F15: 0 | G15: 0 | H15: =+E15-F15 -> 0
B16: D. Seguridad Pública | C16: 0 | D16: 0 | E16: =+C16+D16 -> 0 | F16: 0 | G16: 0 | H16: =+E16-F16 -> 0
B17: E. Gastos asociados a la implementación de nuevas leyes federales o reformas a las mismas | C17: 0 | D17: 0 | E17: =+C17+D17 -> 0 | F17: 0 | G17: 0 | H17: =+E17-F17 -> 0
B18: Nombre del Programa o Ley 1 | C18: 0 | D18: 0 | E18: =+C18+D18 -> 0 | F18: 0 | G18: 0 | H18: =+E18-F18 -> 0
B19: Nombre del Programa o Ley 2 | C19: 0 | D19: 0 | E19: =+C19+D19 -> 0 | F19: 0 | G19: 0 | H19: =+E19-F19 -> 0
B20: F. Sentencias laborales definitivas | C20: 0 | D20: 0 | E20: =+C20+D20 -> 0 | F20: 0 | G20: 0 | H20: =+E20-F20 -> 0
B22: II. Gasto Etiquetado | C22: =+C23+C24+C25+C28+C29+C32 -> 0 | D22: =+D23+D24+D25+D28+D29+D32 -> 0 | E22: =+E23+E24+E25+E28+E29+E32 -> 0 | F22: =+F23+F24+F25+F28+F29+F32 -> 0 | G22: =+G23+G24+G25+G28+G29+G32 -> 0 | H22: =+H23+H24+H25+H28+H29+H32 -> 0
B23: A. Personal Administrativo y de Servicio Público | C23: 0 | D23: 0 | E23: =+C23+D23 -> 0 | F23: 0 | G23: 0 | H23: =+E23-F23 -> 0
B24: B. Magisterio | C24: 0 | D24: 0 | E24: =+C24+D24 -> 0 | F24: 0 | G24: 0 | H24: =+E24-F24 -> 0
B25: C. Servicios de Salud | C25: 0 | D25: 0 | E25: =+C25+D25 -> 0 | F25: 0 | G25: 0 | H25: =+E25-F25 -> 0
B26: Personal Administrativo | C26: 0 | D26: 0 | E26: =+C26+D26 -> 0 | F26: 0 | G26: 0 | H26: =+E26-F26 -> 0
B27: Personal Médico, Paramédico y afín | C27: 0 | D27: 0 | E27: =+C27+D27 -> 0 | F27: 0 | G27: 0 | H27: =+E27-F27 -> 0
B28: D. Seguridad Pública | C28: 0 | D28: 0 | E28: =+C28+D28 -> 0 | F28: 0 | G28: 0 | H28: =+E28-F28 -> 0
B29: E. Gastos asociados a la implementación de nuevas leyes federales o reformas a las mismas | C29: 0 | D29: 0 | E29: =+C29+D29 -> 0 | F29: 0 | G29: 0 | H29: =+E29-F29 -> 0
B30: Nombre del Programa o Ley 1 | C30: 0 | D30: 0 | E30: =+C30+D30 -> 0 | F30: 0 | G30: 0 | H30: =+E30-F30 -> 0
B31: Nombre del Programa o Ley 2 | C31: 0 | D31: 0 | E31: =+C31+D31 -> 0 | F31: 0 | G31: 0 | H31: =+E31-F31 -> 0
B32: F. Sentencias laborales definitivas | C32: 0 | D32: 0 | E32: =+C32+D32 -> 0 | F32: 0 | G32: 0 | H32: =+E32-F32 -> 0
B34: III. Total del Gasto en Servicios Personales | C34: =+C10+C22 -> 58160431 | D34: =+D10+D22 -> 0 | E34: =+E10+E22 -> 58160431 | F34: =+F10+F22 -> 11272804 | G34: =+G10+G22 -> 10149822 | H34: =+H10+H22 -> 46887627
B36: Notas:
B37: B. Magisterio.- En este rubro unicamente va lo referente a Magisterio Estatal y Federal (Incluye Telesecundarias). No aplica para el personal docente de los Organismos Públicos Descentralizados.
